 Dungeon Crawl Stone Soup version 0.24.1-14-gf8d2b509d9 (webtiles) character file.

Game seed: 610267451957309388, levelgen mode: deterministic

3294 MordorOrchid the Scholar of Death (level 10, -10/73 HPs)
             Began as a Gnoll Necromancer on June 3, 2020.
             Was a Follower of Kikubaaqudgha.
             Mangled by an orc warlord
             ... wielding a +0 great sword
              (33 damage)
             ... in a bailey on July 3, 2020.
             The game lasted 00:40:50 (4407 turns).

MordorOrchid the Scholar of Death (GnNe)            Turns: 4407, Time: 00:40:51

Health: -10/73     AC: 13    Str: 10    XL:     10   Next: 1%
Magic:  2/20       EV: 16    Int: 24    God:    Kikubaaqudgha [*.....]
Gold:   312        SH:  0    Dex: 16    Spells: 6/22 levels left

rFire    . . .     SeeInvis +   a - +9 hand axe of Slime {flame, Int+3}
rCold    . . .     Gourm    .   (no shield)
rNeg     + . .     Faith    .   q - +5 steam dragon scales
rPois    .         Spirit   .   (no helmet)
rElec    .         Reflect  .   (no cloak)
rCorr    .         Harm     .   u - +0 pair of gloves
MR       .....                  x - +0 pair of boots
Stlth    +++.......             (no amulet)
HPRegen  0.22/turn              m - ring of see invisible
MPRegen  0.17/turn              I - ring of positive energy

@: no status effects
A: distributed training, fangs 1, strong nose
a: Receive Corpses, Renounce Religion


You were in a bailey.
You worshipped Kikubaaqudgha.
Kikubaaqudgha was aware of your devotion.
You were not hungry.

You visited 1 branch of the dungeon, and saw 7 of its levels.
You also visited: Ossuary and Bailey.

You collected 312 gold pieces.

Inventory:

Hand Weapons
 a - the +9 hand axe of Slime (weapon) {flame, Int+3}
   (You found it on level 4 of the Dungeon)

   It has been specially enchanted to burn those struck by it, causing extra
   injury to most foes and up to half again as much damage against particularly
   susceptible opponents.
   Big, fiery blades are also staple armaments of hydra-hunters.
   It affects your intelligence (+3).
 j - a +0 hunting sling
 p - a +0 spear of venom
 y - a +1 dagger of venom
 z - a +1 quarterstaff of speed
 F - a +1 long sword of holy wrath
 Q - the +11 whip of the Spectre {holy, rN+ Int+3}
   (You found it on level 5 of the Dungeon)

   It has been blessed by the Shining One to cause great damage to the undead
   and demons.
   It affects your intelligence (+3).
   It protects you from negative energy.
Missiles
 d - 3 silver javelins
 f - 140 stones
 i - 20 bolts
 l - 148 arrows
 o - 46 sling bullets
 v - 12 boomerangs (quivered)
 w - 8 atropa-tipped darts
 N - 2 javelins
Armour
 e - a +0 large shield
 q - +5 steam dragon scales (worn)
 u - a +0 pair of gloves (worn)
 x - a +0 pair of boots (worn)
Jewellery
 m - a ring of see invisible (left hand)
 t - an uncursed ring of resist corrosion
 I - a ring of positive energy (right hand)
Wands
 D - a wand of random effects (9)
Scrolls
 b - 5 scrolls of fog
 h - a scroll of enchant weapon {unknown}
 k - 4 scrolls of remove curse
 n - 4 scrolls of teleportation
 B - 2 scrolls of fear {unknown}
 E - a scroll of amnesia {unknown}
 G - 4 scrolls of blinking
 L - 2 scrolls of immolation {unknown}
Potions
 g - a potion of flight {unknown}
 r - a potion of cancellation {unknown}
 s - 2 potions of ambrosia
 A - 2 potions of brilliance
 C - 7 potions of heal wounds
 J - a potion of resistance
 O - a potion of berserk rage
 P - a potion of haste
Comestibles
 c - 8 rations
 H - 8 chunks of flesh


   Skills:
 + Level 4.7 Fighting
 + Level 4.7 Short Blades
 + Level 4.7 Long Blades
 + Level 4.7 Axes
 + Level 4.7 Maces & Flails
 + Level 4.7 Polearms
 + Level 4.7 Staves
 + Level 4.7 Slings
 + Level 4.7 Bows
 + Level 4.7 Crossbows
 + Level 4.7 Throwing
 + Level 4.7 Armour
 + Level 6.6 Dodging
 + Level 6.3 Stealth
 + Level 4.7 Shields
 + Level 4.7 Unarmed Combat
 + Level 6.9 Spellcasting
 + Level 3.9 Conjurations
 + Level 3.9 Hexes
 + Level 3.9 Charms
 + Level 3.9 Summonings
 + Level 8.2 Necromancy
 + Level 3.9 Translocations
 + Level 3.9 Transmutations
 + Level 3.9 Fire Magic
 + Level 3.9 Ice Magic
 + Level 3.9 Air Magic
 + Level 3.9 Earth Magic
 + Level 3.9 Poison Magic
 + Level 5.2 Invocations
 + Level 4.7 Evocations


You had 6 spell levels left.
You knew the following spells:

 Your Spells              Type           Power        Failure   Level  Hunger
a - Pain                  Necr           ####         1%          1    None
b - Corpse Rot            Necr           N/A          1%          2    None
k - Regeneration          Chrm/Necr      #####.....   1%          3    None
t - Sticks to Snakes      Tmut           ####....     2%          2    None
u - Animate Skeleton      Necr           N/A          1%          1    None
v - Vampiric Draining     Necr           #####.....   1%          3    None
U - Animate Dead          Necr           N/A          2%          4    ###....

Your spell library contained the following spells:

 Spells                   Type           Power        Failure   Level  Hunger
 Beastly Appendage        Tmut           ####..       1%          1    None
 Sublimation of Blood     Necr           #####.....   1%          2    None
 Spider Form              Tmut/Pois      ####......   4%          3    None
 Ice Form                 Ice/Tmut       ####....     14%         4    ###....
 Blade Hands              Tmut           ####......   38%         5    #####..


Dungeon Overview and Level Annotations

Branches:
Dungeon (7/15)             Temple (0/1) D:7         Ossuary (visited)
 Bailey (1/1)

Altars:
Ashenzari
Kikubaaqudgha
Makhleb
Qazlal
Ru
Zin


Innate Abilities, Weirdness & Mutations

Your experience applies equally to all skills.
You have very sharp teeth.
Your uncanny sense of smell can sniff out nearby items.


Message History

The gnoll hits your orc warrior skeleton but does no damage.
The gnoll hits your orc knight skeleton with a +0 hand axe.
The orc knight hits your gnoll skeleton with a +2 great mace of venom!!!
Your gnoll skeleton is destroyed!
Unknown command.
An orc comes into view. It is wielding a +0 hand axe.
The hobgoblin barely misses your orc knight skeleton.
The hobgoblin hits you but does no damage.
The gnoll hits your orc warrior skeleton with a +0 hand axe.
The gnoll completely misses your orc knight skeleton.
Unknown command.
Casting: Animate Skeleton (safe; 1% risk of failure)
Confirm with . or Enter, or press ? or * to list all spells.
You smell decay.
The orc knight hits your orc warrior skeleton with a +2 great mace of venom!!
The orc warrior is engulfed in dark miasma.
The orc warrior is poisoned.
The orc warlord hits you with a +0 great sword!!
You die...
Kikubaaqudgha rasps: "You have failed me!
Welcome... death!" ..oo...##.......## ogggo #.........# ggg

##.........##
###o###.....⌠.....#
##88o88##ZZZ......## .
#Z.Z§...#.ZZ......#
.gg##Z.))...##)......##
..ZZZZ.go§...').)....#
.##Z..@.....##.....##
#Z....⌠.....#######
##.........##
#........Z# ##.......##
#.......# ##..∩..##
#######


You could see an orc warlord, an orc knight, an orc warrior, 3 gnolls, 2
hobgoblins, 2 goblins, 4 friendly gnoll skeletons, 2 friendly orc skeletons, 3
friendly orc warrior skeletons and a friendly orc knight skeleton.

Vanquished Creatures
  Pikel (D:5)
  An orc knight (Bailey)
  Sigmund (D:3)
  Menkaure (D:5)
  2 ice beasts (D:5)
  4 orc warriors (Bailey)
  3 slaves (D:5)
  3 ogres
  3 centaurs
  A scorpion (D:5)
  2 crimson imps (D:5)
  A howler monkey (D:5)
  A centaur zombie (Ossuary)
  2 hounds
  A bullfrog skeleton (D:7)
  An iguana (D:4)
  2 killer bee zombies (Ossuary)
  5 hound zombies
  18 mummies
  18 gnolls
  7 adders
  A shadow imp (D:5)
  An adder zombie (Ossuary)
  An adder skeleton (D:6)
  A worm (D:3)
  3 dart slugs
  4 leopard geckos
  14 orcs
  7 giant cockroaches
  21 goblins
  15 hobgoblins
  16 jackals
  A quokka (D:5)
  A ball python (D:4)
  9 bats
  A frilled lizard (D:1)
  2 giant cockroach zombies (Ossuary)
  A jackal zombie (Ossuary)
  3 kobolds
  A leopard gecko skeleton (D:5)
  A leopard gecko zombie (Ossuary)
  A quokka skeleton (D:7)
  2 quokka zombies (Ossuary)
  4 rats
189 creatures vanquished.

Vanquished Creatures (collateral kills)
  A slave (D:5)
  A gnoll (D:5)
  An ooze (D:1)
  A leopard gecko (D:5)
  An orc (D:3)
  A giant cockroach (D:2)
  A goblin (D:2)
  3 hobgoblins
  A jackal (D:1)
  A kobold (D:2)
  2 rats (D:1)
14 creatures vanquished.

Grand Total: 203 creatures vanquished

Notes
Turn   | Place    | Note
-------+----------+-------------------------------------------
     0 | D:1      | MordorOrchid the Gnoll Necromancer began the quest for the
                  | Orb.
     0 | D:1      | Reached XP level 1. HP: 13/13 MP: 6/6
    21 | D:1      | Learned a level 1 spell: Animate Skeleton
    61 | D:1      | Reached XP level 2. HP: 13/19 MP: 1/7
   296 | D:1      | Reached XP level 3. HP: 13/25 MP: 0/9
   303 | D:1      | Reached skill level 5 in Spellcasting
   346 | D:1      | Learned a level 3 spell: Vampiric Draining
   574 | D:1      | Learned a level 3 spell: Regeneration
   639 | D:2      | Reached skill level 1 in Invocations
   716 | D:2      | Reached skill level 1 in Fighting
   716 | D:2      | Reached skill level 1 in Short Blades
   716 | D:2      | Reached skill level 1 in Long Blades
   716 | D:2      | Reached skill level 1 in Axes
   716 | D:2      | Reached skill level 1 in Maces & Flails
   716 | D:2      | Reached skill level 1 in Polearms
   716 | D:2      | Reached skill level 1 in Staves
   716 | D:2      | Reached skill level 1 in Slings
   716 | D:2      | Reached skill level 1 in Bows
   716 | D:2      | Reached skill level 1 in Crossbows
   716 | D:2      | Reached skill level 1 in Throwing
   716 | D:2      | Reached skill level 1 in Armour
   716 | D:2      | Reached skill level 1 in Shields
   716 | D:2      | Reached skill level 1 in Unarmed Combat
   716 | D:2      | Reached skill level 1 in Evocations
   717 | D:2      | Reached XP level 4. HP: 23/32 MP: 4/11
   850 | D:2      | Reached skill level 1 in Conjurations
   850 | D:2      | Reached skill level 1 in Hexes
   850 | D:2      | Reached skill level 1 in Charms
   850 | D:2      | Reached skill level 1 in Summonings
   850 | D:2      | Reached skill level 1 in Translocations
   850 | D:2      | Reached skill level 1 in Transmutations
   850 | D:2      | Reached skill level 1 in Fire Magic
   850 | D:2      | Reached skill level 1 in Ice Magic
   850 | D:2      | Reached skill level 1 in Air Magic
   850 | D:2      | Reached skill level 1 in Earth Magic
   850 | D:2      | Reached skill level 1 in Poison Magic
   884 | D:2      | Learned a level 4 spell: Animate Dead
  1091 | D:2      | Reached XP level 5. HP: 36/37 MP: 10/12
  1305 | D:3      | Noticed Sigmund
  1318 | D:3      | Killed Sigmund
  1318 | D:3      | Reached XP level 6. HP: 42/44 MP: 10/14
  1443 | D:3      | Found a stormy altar of Qazlal.
  1797 | D:4      | Reached skill level 5 in Dodging
  2024 | D:4      | Got an ichor-stained hand axe
  2025 | D:4      | Identified the +9 hand axe of Slime {flame, Int+3} (You
                  | found it on level 4 of the Dungeon)
  2164 | D:5      | Entered Level 5 of the Dungeon
  2166 | D:5      | Noticed an ice beast
  2179 | D:5      | Killed an ice beast
  2179 | D:5      | Reached XP level 7. HP: 35/50 MP: 15/15
  2186 | D:5      | Noticed Pikel
  2199 | D:5      | Found a sand-covered staircase.
  2206 | Ossuary  | Entered an ossuary
  2415 | Ossuary  | Reached skill level 5 in Stealth
  2520 | Ossuary  | Reached XP level 8. HP: 47/57 MP: 16/16
  2621 | D:5      | Noticed Menkaure
  2648 | D:5      | Killed Menkaure
  2754 | D:5      | Killed Pikel
  2754 | D:5      | Reached XP level 9. HP: 45/65 MP: 18/18
  2889 | D:5      | Got a dazzling whip
  2918 | D:5      | Found an ancient bone altar of Kikubaaqudgha.
  2924 | D:5      | Identified the +11 whip of the Spectre {holy, rN+ Int+3}
                  | (You found it on level 5 of the Dungeon)
  2933 | D:5      | Became a worshipper of Kikubaaqudgha
  2998 | D:5      | Found a sacrificial altar of Ru.
  3137 | D:5      | Found a shattered altar of Ashenzari.
  3538 | D:6      | Found a burning altar of Makhleb.
  3540 | D:6      | Found a glowing silver altar of Zin.
  3540 | D:6      | Noticed an angel
  3540 | D:6      | Noticed a green death
  3616 | D:6      | Learned a level 2 spell: Sticks to Snakes
  3777 | D:7      | Reached skill level 8 in Necromancy
  3834 | D:7      | Found a staircase to the Ecumenical Temple.
  3871 | D:7      | Found a flagged portal.
  3888 | Bailey   | Entered a bailey
  3917 | Bailey   | Reached * piety under Kikubaaqudgha
  3917 | Bailey   | Identified Kikubaaqudgha's Handbook of Evil Secrets
                  | (Kikubaaqudgha gifted it to you in a bailey)
  3917 | Bailey   | Received a gift from Kikubaaqudgha
  3978 | Bailey   | Learned a level 2 spell: Corpse Rot
  4170 | Bailey   | Noticed an orc knight
  4209 | Bailey   | Killed an orc knight
  4209 | Bailey   | Reached skill level 5 in Invocations
  4375 | Bailey   | Noticed an orc warlord
  4383 | Bailey   | Noticed an orc knight
  4386 | Bailey   | Reached XP level 10. HP: 51/73 MP: 4/20
  4407 | Bailey   | Mangled by an orc warlord

Levels and vault maps discovered:
D:1:      elethiomel_arrival_shortcut, layout_basic, st_stairs_7
D:2:      layout_basic
D:3:      layout_loops_ring, marbit_many_paths, uniq_sigmund
D:4:      layout_rooms
D:5:      layout_basic, kennysheep_mini_moat, lemuel_round_altar,
          lemuel_coloured_pillars_altar, first_ration,
          gup_ossuary_entry_pyramid, nrook_pool_corridor, uniq_pikel,
          uniq_menkaure
D:6:      layout_loops_ring, grunt_temple_overflow_order_and_chaos_2
D:7:      layout_cave_pools, minmay_temple_entry_grid, enter_bailey_6,
          grunt_livestock, trog_ov_bears_minmay
Bailey:   bailey_axe_minmay_hex_keep, bailey

Skill      XL: |  1  2  3  4  5  6  7  8  9 |
---------------+----------------------------+-----
Spellcasting   | 5 6 |  6.9
Invocations    | 1 2 3 4 5 |  5.2
Fighting       | 1 2 3 4 |  4.7
Short Blades   | 1 2 3 4 |  4.7
Long Blades    | 1 2 3 4 |  4.7
Axes           | 1 2 3 4 |  4.7
Maces & Flails | 1 2 3 4 |  4.7
Polearms       | 1 2 3 4 |  4.7
Staves         | 1 2 3 4 |  4.7
Slings         | 1 2 3 4 |  4.7
Bows           | 1 2 3 4 |  4.7
Crossbows      | 1 2 3 4 |  4.7
Throwing       | 1 2 3 4 |  4.7
Armour         | 1 2 3 4 |  4.7
Shields        | 1 2 3 4 |  4.7
Unarmed Combat | 1 2 3 4 |  4.7
Evocations     | 1 2 3 4 |  4.7
Conjurations   | 1 2 3 |  3.9
Hexes          | 1 2 3 |  3.9
Charms         | 1 2 3 |  3.9
Summonings     | 1 2 3 |  3.9
Translocations | 1 2 3 |  3.9
Transmutations | 1 2 3 |  3.9
Fire Magic     | 1 2 3 |  3.9
Ice Magic      | 1 2 3 |  3.9
Air Magic      | 1 2 3 |  3.9
Earth Magic    | 1 2 3 |  3.9
Poison Magic   | 1 2 3 |  3.9
Dodging        | 5 6 |  6.6
Stealth        | 5 6 |  6.3
Necromancy     | 8 |  8.2

Action                   |  1- 3 |  4- 6 |  7- 9 | 10-12 || total
-------------------------+-------+-------+-------+-------++-------
Melee: Dagger            |    17 |    19 |    11 |       ||    47
       Bite              |     1 |     2 |    23 |     1 ||    27
       Hand axe          |       |     9 |   264 |     8 ||   281
       Punch             |       |       |     6 |       ||     6
       Spear             |       |       |    21 |       ||    21
       Whip              |       |       |     5 |       ||     5
 Fire: Hunting sling     |       |    20 |    33 |       ||    53
Throw: Stone             |       |     2 |       |       ||     2
       Dart              |       |       |     2 |       ||     2
       Boomerang         |       |       |     2 |       ||     2
 Cast: Pain              |    39 |    38 |    10 |       ||    87
       Animate Skeleton  |    16 |    13 |    42 |     1 ||    72
       Vampiric Draining |     1 |     1 |       |       ||     2
       Regeneration      |       |       |     1 |       ||     1
       Corpse Rot        |       |       |     5 |     1 ||     6
Invok: Receive Corpses   |       |       |     7 |     1 ||     8
Evoke: Wand              |       |       |     2 |     1 ||     3
  Use: Scroll            |       |     8 |    13 |       ||    21
       Potion            |       |     1 |     3 |       ||     4
 Stab: Sleeping          |     4 |     6 |     3 |       ||    13
       Distracted        |       |       |     1 |       ||     1
  Eat: Chunk             |       |     4 |     7 |       ||    11
       Ration            |       |       |     1 |       ||     1
Armor: Robe              |     3 |       |       |       ||     3
       Steam dragon scal |       |    20 |    61 |     3 ||    84
Dodge: Dodged            |    25 |    38 |   187 |    10 ||   260
